 Dungeon Crawl Stone Soup version 0.31-a0-408-gb642c7f9a3 (webtiles) character file.

Game seed: 10511481177224248502

564 lessens the Chopper (level 7, 0/52 HPs)
             Began as a Demonspawn Fighter on July 29, 2023.
             Slain by an ogre
             ... wielding a +0 giant spiked club
              (18 damage)
             ... on level 5 of the Dungeon.
             The game lasted 00:04:24 (4419 turns).

lessens the Chopper (Demonspawn Fighter)            Turns: 4419, Time: 00:04:25

Health: 0/52       AC:  9    Str: 18    XL:     7   Next: 10%
Magic:  0/7        EV:  9    Int:  9    God:
Gold:   163        SH:  4    Dex: 13    Spells: 6/6 levels left

rFire   . . .        a - +0 war axe
rCold   . . .        c - +0 buckler
rNeg    . . .        b - +0 scale mail
rPois   .            (no helmet)
rElec   .            k - +0 cloak
rCorr   .            (no gloves)
SInv    .            (no boots)
Will    .....        v - amulet of guardian spirit Stlth
                     (no ring)
HPRegen 0.28/turn    (no ring)
MPRegen 0.10/turn

%: guardian spirit
@: no status effects
A: claws 1, sharp scales 2
a: no special abilities


You were on level 5 of the Dungeon.
You visited 1 branch of the dungeon, and saw 5 of its levels.

You collected 163 gold pieces.

Inventory:

Hand Weapons
 a - a +0 war axe (weapon)
Missiles
 g - 4 javelins
 h - 7 poisoned darts
 m - 39 stones
Armour
 b - a +0 scale mail (worn)
 c - a +0 buckler (worn)
 k - a +0 cloak (worn)
 y - a +0 helmet
Jewellery
 i - a ring of wizardry
 u - an amulet of magic regeneration
 v - an amulet of guardian spirit (around neck)
Wands
 B - a wand of iceblast (3)
Scrolls
 f - 7 scrolls of teleportation {unknown}
 j - a scroll of amnesia {unknown}
 l - 3 scrolls of identify {unknown}
 n - 2 scrolls of fear {unknown}
 r - a scroll of acquirement {unknown}
 t - a scroll of enchant weapon {unknown}
 x - a scroll of noise {unknown}
 z - a scroll of revelation {unknown}
Potions
 d - a potion of might
 e - a potion of curing
 o - a potion of haste {unknown}
 p - a potion of lignification {unknown}
 q - a potion of heal wounds
 s - a potion of attraction
 w - a potion of ambrosia {unknown}
 A - a potion of degeneration {unknown}


   Skills:
 - Level 3.0 Fighting
 + Level 7.2 Axes
 - Level 2.6 Armour
 - Level 2.6 Shields


You had 6 spell levels left.
You didn't know any spells.
Your spell library contained the following spells:

 Spells                   Type           Power      Damage    Failure   Level
 Lesser Beckoning         Tloc           0%         N/A       94%         2
 Gell's Gravitas          Tloc           0%         N/A       99%         3
 Teleport Other           Tloc           0%         N/A       99%         3


Dungeon Overview and Level Annotations

Branches:
Dungeon (5/15) Zot: 25493
 Temple: D:4-7

Altars:
Kikubaaqudgha
Ru
Uskayaw


Innate Abilities, Weirdness & Mutations

You have sharp fingernails.
You are mostly covered in razor-sharp scales. (AC +2, Slay +2)


Message History

There is a stone staircase leading up here.
You see here a +0 whip.
f - 7 scrolls labelled VEOW SIBLESTRY (gained 1)
B - a wand of iceblast (3)
Found a stone staircase leading up.
An orc comes into view. It is wielding a +0 flail.
The orc shouts!
An orc comes into view. It is wielding a +0 club.
There are monsters nearby!
An orc comes into view. It is wielding a +0 falchion.
The orc shouts! x2
An orc comes into view. It is wielding a +0 flail.
An ogre comes into view. It is wielding a +0 giant spiked club.
The ogre shouts!
The orc shouts!
The orc barely misses you.
You closely miss the orc. You hit the orc. The orc barely misses you.
You slash the orc!
You kill the orc!
You hit the orc. You slash the orc!
You kill the orc!
The orc hits you with a +0 falchion.
You slash the orc!
You kill the orc!
You hit the orc. The orc hits you with a +0 flail.
You hit the orc.
You kill the orc!
You hit the ogre.
The ogre hits you with a +0 giant spiked club!!
An iguana comes into view.
You are too injured to fight recklessly!
You slash the ogre!
The ogre is moderately wounded.
The ogre barely misses you.
You hit the ogre but do no damage.
The ogre is moderately wounded.
The ogre hits you with a +0 giant spiked club!
You hit the ogre.
The ogre is heavily wounded.
The ogre hits you with a +0 giant spiked club!!
You die...

.....# ...... ......
....... ......##.......
...l...........
.........(.... ..
............ ...
...<..O)#.# ....
......)@..###....
.................
#........(....#
#.............##.....
##.....................#
........................
#......#.........#.......
#......##..###...........
..
...........###....#..##.


You could see an ogre and an iguana.

Vanquished Creatures
  A black bear (D:4)
  A phantom (D:4)
  A howler monkey (D:4)
  A hound (D:4)
  A gnoll bouda (D:5)
  An orc wizard (D:4)
  2 iguanas (D:4)
  4 adders
  10 gnolls
  3 worms
  2 dart slugs
  9 orcs
  5 endoplasms
  7 giant cockroaches
  5 goblins
  3 hobgoblins
  12 kobolds
  6 quokkas
  10 ball pythons
  5 bats
  3 frilled lizards
  5 rats
97 creatures vanquished.

Notes
Turn   | Place    | Note
-------+----------+-------------------------------------------
     0 | D:1      | lessens the Demonspawn Fighter began the quest for the Orb.
     0 | D:1      | Reached XP level 1. HP: 18/18 MP: 1/1
    75 | D:1      | Reached skill level 2 in Axes
   189 | D:1      | Gained mutation: You have sharp fingernails. [demonic
                  | ancestry]
   189 | D:1      | Reached XP level 2. HP: 24/24 MP: 2/2
   395 | D:1      | Reached skill level 3 in Axes
   886 | D:2      | Gained mutation: You are partially covered in razor-sharp
                  | scales. (AC +1, Slay +1) [demonic ancestry]
   886 | D:2      | Reached XP level 3. HP: 26/29 MP: 3/3
  1675 | D:3      | Gained mutation: You are mostly covered in razor-sharp
                  | scales. (AC +2, Slay +2) [demonic ancestry]
  1675 | D:3      | Reached XP level 4. HP: 35/35 MP: 4/4
  1719 | D:3      | Reached skill level 4 in Axes
  2045 | D:3      | Found a hide-covered altar of Uskayaw.
  2491 | D:3      | Found a sacrificial altar of Ru.
  2492 | D:3      | Found an ancient bone altar of Kikubaaqudgha.
  2816 | D:4      | Reached XP level 5. HP: 40/41 MP: 5/5
  2846 | D:4      | Noticed a phantom
  2870 | D:4      | Killed a phantom
  2871 | D:4      | Reached skill level 5 in Axes
  3021 | D:4      | Reached XP level 6. HP: 19/47 MP: 3/6
  3619 | D:4      | Reached skill level 6 in Axes
  4147 | D:5      | Entered Level 5 of the Dungeon
  4157 | D:5      | HP: 2/47 [gnoll bouda/+0 club (9)]
  4161 | D:5      | Reached skill level 7 in Axes
  4166 | D:5      | Reached XP level 7. HP: 9/52 MP: 1/7
  4419 | D:5      | Slain by an ogre

Illustrated notes

Levels and vault maps discovered:
D:1:      heliophobic_arrival_ceremonial_halls, layout_basic,
          minmay_worlds_worst_comb
D:2:      layout_loops_cross, minmay_misc_feat_iff, moated_statue,
          minmay_nonomino_d4
D:3:      layout_basic, mainiacjoe_overflow_catwalk,
          gammafunk_temple_overflow_wave
D:4:      layout_cave_pods
D:5:      layout_cave_pools, minmay_pentangle, uniq_crazy_yiuf_cottage

Skill      XL: |  1  2  3  4  5  6 |
---------------+-------------------+-----
Axes           | 2 3 4 5 7 |  7.2
Fighting       | |  3.0
Armour         | |  2.6
Shields        | |  2.6

Action                     |  1- 3 |  4- 6 |  7- 9 || total
---------------------------+-------+-------+-------++-------
  Melee: War axe           |   116 |   152 |    15 ||   283
    Use: Potion            |     1 |     2 |       ||     3
 Armour: Scale mail        |    56 |    99 |     2 ||   157
  Dodge: Dodged            |    41 |   105 |     7 ||   153
  Block: Buckler           |    28 |    36 |     1 ||    65

Table legend: (Time is in decaauts)
 A = Elapsed time spent in this place.
 B = Non-inter-level travel time spent in this place.
 C = Inter-level travel time spent in this place.
 D = Time resting spent in this place.
 E = Time spent auto-exploring this place.
 F = Levels seen in this place.
 G = Mean time per level.
                   A        B        C        D        E       F      G
               +--------+--------+--------+--------+--------+-----+--------+
         Total |   4505 |   4408 |     97 |    398 |   3287 |   5 |  901.0 |
       Dungeon |   4505 |   4408 |     97 |    398 |   3287 |   5 |  901.0 |
               +--------+--------+--------+--------+--------+-----+--------+

Top non-repeatable levels by time:
     D:4: 1584 daAuts
     D:3: 1118 daAuts
     D:1: 896 daAuts
     D:2: 799 daAuts
     D:5: 107 daAuts

Levels and vault maps discovered:
D:1:      heliophobic_arrival_ceremonial_halls, layout_basic,
          minmay_worlds_worst_comb
D:2:      layout_loops_cross, minmay_misc_feat_iff, moated_statue,
          minmay_nonomino_d4
D:3:      layout_basic, mainiacjoe_overflow_catwalk,
          gammafunk_temple_overflow_wave
D:4:      layout_cave_pods
D:5:      layout_cave_pools, minmay_pentangle, uniq_crazy_yiuf_cottage
